 Dungeon Crawl Stone Soup version 0.32-a0-933-ga8fa3634e4 (webtiles) character file.

Game seed: 13469988767986539657

1075 Heh the Trooper (level 8, -6/65 HPs)
             Began as a Coglin Artificer on Apr 14, 2024.
             Was a Follower of Beogh.
             Mangled by a boulder beetle (12 damage)
             ... on level 6 of the Dungeon.
             The game lasted 00:10:10 (5694 turns).

Heh the Trooper (Coglin Artificer)                  Turns: 5694, Time: 00:10:11

Health: -6/65      AC:  5    Str: 12    XL:     8   Next: 29%
Magic:  8/8        EV: 12    Int: 10    God:    Beogh [*.....]
Gold:   210        SH:  0    Dex: 18    Spells: 7/7 levels left

rFire   . . .        v - +1 whip (elec) {Kenji}
rCold   . . .        n - +1 dagger (speed) {Ermengarde}
rNeg    . . .        h - +0 ring mail
rPois   .            (no helmet)
rElec   .            (no cloak)
rCorr   .            (no gloves)
SInv    .            (no boots)
Will    +....        (amulet unavailable)
Stlth   +            (ring unavailable)
HPRegen 0.30/turn    (ring unavailable)
MPRegen 0.11/turn    (no gizmo)

%: no passive effects
@: no status effects
A: off-hand wielding, slow wielding, warmup strikes, no jewellery, strong-willed
1
a: Invent Gizmo, Renounce Religion


You were on level 6 of the Dungeon.
You worshipped Beogh.
Beogh was aware of your devotion.
You visited 1 branch of the dungeon, and saw 7 of its levels.

You collected 210 gold pieces.

Inventory:

Hand Weapons
 a - a +0 club {Eunwoo}
 f - a +0 dagger {Tamao}
 i - a +0 short sword {Quintus}
 j - a +0 hand axe
 n - a +1 dagger of speed (offhand) {Ermengarde}
 t - a +3 rapier {Leofdaeg}
 v - a +1 whip of electrocution (weapon) {Kenji}
 y - a +0 long sword
 z - a +4 war axe
Armour
 b - a +0 leather armour
 h - a +0 ring mail (worn)
 q - a +2 robe
 r - a +0 ring mail
Wands
 c - a wand of flame (3) (quivered)
 d - a wand of charming (7)
 e - a wand of iceblast (4)
Scrolls
 k - a scroll of blinking {unknown}
 l - 2 scrolls of brand weapon {unknown}
 m - 3 scrolls of teleportation {unknown}
 p - 5 scrolls of identify {unknown}
 u - a scroll of torment {unknown}
 x - 3 scrolls of enchant armour {unknown}
Potions
 o - a potion of invisibility {unknown}
 s - a potion of brilliance
 w - a potion of degeneration


   Skills:
 + Level 6.6 Fighting
 - Level 2.0 Armour
 + Level 6.0 Dodging
 - Level 0.9 Stealth
 - Level 4.1 Evocations


You had 7 spell levels left.
You didn't know any spells.
Your spell library contained the following spells:

 Spells                   Type           Power      Damage    Failure   Level
 Foxfire                  Conj/Fire      0%         2x1d4     63%         1
 Slow                     Hex            0%         N/A       63%         1
 Ensorcelled Hibernation  Hex/Ice        0%         N/A       77%         2
 Confusing Touch          Hex            0%         N/A       94%         3
 Passwall                 Erth           0%         N/A       94%         3
 Swiftness                Air            0%         N/A       94%         3
 Vampiric Draining        Necr           0%         2d6       94%         3
 Plasma Beam              Fire/Air       0%         2x1d10    100%        6
 Starburst                Conj/Fire      0%         6d3       100%        6


Dungeon Overview and Level Annotations

Branches:
Dungeon (7/15)
 Temple: D:4-7

Altars:
Elyvilon
Kikubaaqudgha
Okawaru
Qazlal
Sif Muna
Uskayaw
Xom
Yredelemnul

Shops:
D:1 ::   D:2 (


Innate Abilities, Weirdness & Mutations

You can wield a second weapon in your off-hand.
It takes a long time for you to wield or remove held weapons.
Your first few attacks do less damage.
You cannot equip rings or amulets.
You are strong-willed. (Will+)


Message History

Aiming: Charm
Press: ? - help, Shift-Dir - straight line, f/p - boulder beetle
Aim: a boulder beetle (rolling, chance to affect: 41%)
The boulder beetle resists with some effort.
The kobold brigand shouts!
The boulder beetle hits you!!
* * * LOW HITPOINT WARNING * * *
The boulder beetle stops rolling and uncurls.
The boulder beetle curls into a ball and begins rolling!
Items here: ( ))) [ ††.
Aiming: Charm
Press: ? - help, Shift-Dir - straight line, f/p - boulder beetle
Aim: a boulder beetle (rolling, chance to affect: 41%)
Okay, then.
The kobold brigand throws a curare-tipped dart.
The curare-tipped dart closely misses you.
The boulder beetle attacks as it pursues you!
The boulder beetle closely misses you.
The boulder beetle stops rolling and uncurls.
The boulder beetle closely misses you.
There is an escape hatch in the ceiling here.
The kobold brigand throws a curare-tipped dart.
The curare-tipped dart misses you. The boulder beetle bites you!
* * * LOW HITPOINT WARNING * * *
A mysterious force pulls you upwards. The hatch slams shut behind you.
It was a potion of curing.
You feel better. The boulder beetle misses you.
Okay, then.
You feel better. The boulder beetle bites you!
* * * LOW HITPOINT WARNING * * *
Aiming: Charm
Press: ? - help, Shift-Dir - straight line, f - boulder beetle
Aim: a boulder beetle (chance to affect: 41%)
The boulder beetle resists with some effort.
The boulder beetle barely misses you.
Aiming: Charm
Press: ? - help, Shift-Dir - straight line, f/p - boulder beetle
Aim: a boulder beetle (chance to affect: 41%)
The boulder beetle resists with some effort.
The boulder beetle bites you!
You die...

....# #.#.# #..............##..#
....# #.#.# #..............#....
##'####'#.# #...#########..'....
#.........# ##### #>.#....
..........# #.##.... ..........#
#.###### ..........######## #.#
.................# #.# ####
#...............@# #.# #...
#.....)........B.# #.# #.##
#................# #.# #.#E
#................# #.# #.##
#................#########.###...
#................'...............
#<...............#########.###...
.................'.........# #.##
##.######........########### #.#E


You could see a boulder beetle.

Vanquished Creatures
  2 ice beasts
  A sky beast (D:6)
  A bullfrog (D:7)
  2 wights (D:6)
  A howler monkey (D:5)
  A bombardier beetle (D:5)
  An orc priest (D:7)
  3 hounds
  Jessica (D:2)
  An iguana (D:5)
  4 orc wizards
  3 gnolls (D:4)
  3 adders
  A shadow imp (D:6)
  A ribbon worm (D:2)
  4 dart slugs
  22 orcs
  5 ball pythons
  12 endoplasms
  2 giant cockroaches (D:1)
  5 goblins
  3 hobgoblins
  12 jackals
  3 kobolds
  2 quokkas
  6 bats
  2 frilled lizards (D:2)
  7 rats
111 creatures vanquished.

Vanquished Creatures (collateral kills)
  A wight (D:6)
  A howler monkey (D:6)
  An adder (D:5)
3 creatures vanquished.

Vanquished Creatures (others)
  A hound (D:6)
1 creature vanquished.

Grand Total: 115 creatures vanquished

Notes
Turn   | Place    | Note
-------+----------+-------------------------------------------
     0 | D:1      | Heh the Coglin Artificer began the quest for the Orb.
     0 | D:1      | Reached XP level 1. HP: 15/15 MP: 1/1
    64 | D:1      | Reached skill level 1 in Dodging
   132 | D:1      | Found Enoab's Book Boutique.
   134 | D:1      | Reached XP level 2. HP: 21/21 MP: 2/2
   256 | D:1      | Reached XP level 3. HP: 23/27 MP: 3/3
   275 | D:1      | Found a faded altar of an unknown god.
   719 | D:1      | Found Latycaud's Book Shoppe.
  1000 | D:2      | Noticed Jessica
  1022 | D:2      | Killed Jessica
  1023 | D:2      | Reached XP level 4. HP: 6/34 MP: 4/4
  1456 | D:2      | Found Quwnaem's Antique Weapon Shoppe.
  2584 | D:3      | Found a shimmering altar of Xom.
  2770 | D:3      | Found a shimmering blue altar of Sif Muna.
  2801 | D:3      | Found a white marble altar of Elyvilon.
  2847 | D:3      | Reached XP level 5. HP: 41/41 MP: 5/5
  3398 | D:4      | Gained mutation: You are strong-willed. (Will+) [potion of
                  | mutation]
  3398 | D:4      | HP: 1/42 [orc/+0 mace (5)]
  3406 | D:5      | Entered Level 5 of the Dungeon
  3581 | D:5      | Reached XP level 6. HP: 36/48 MP: 6/6
  3674 | D:5      | Became a worshipper of Beogh the Shepherd
  4059 | D:5      | Noticed an ice beast
  4071 | D:5      | Killed an ice beast
  4072 | D:5      | Reached XP level 7. HP: 26/55 MP: 7/7
  4250 | D:5      | Reached skill level 5 in Fighting
  4285 | D:5      | Found a basalt altar of Yredelemnul.
  4286 | D:5      | Found an iron altar of Okawaru.
  4286 | D:5      | Found an ancient bone altar of Kikubaaqudgha.
  4287 | D:5      | Found a hide-covered altar of Uskayaw.
  4638 | D:6      | Found a stormy altar of Qazlal.
  4640 | D:6      | Noticed an air elemental
  4640 | D:6      | Noticed a fire elemental
  4649 | D:6      | Noticed a water elemental
  4812 | D:6      | Reached skill level 5 in Dodging
  5202 | D:6      | Reached XP level 8. HP: 62/64 MP: 8/8
  5671 | D:7      | Reached * piety under Beogh
  5680 | D:7      | Noticed a boulder beetle
  5694 | D:6      | Mangled by a boulder beetle

Illustrated notes

Levels and vault maps discovered:
D:1:      dpeg_arrival_water_temple_mockup, layout_basic,
          shapermc_ecumenical_altar_totnotflames, serial_shops, shop, shop
D:2:      layout_basic, serial_shops, shop, item_on_display_a, uniq_jessica
D:3:      layout_loops_ring, nicolae_elyvilon_peaceful_grove,
          hellmonk_sif_muna_bookshelves, old_standard_altar
D:4:      layout_loops_ring, serial_rivers, chequers_serial_rivers_marsh,
          chequers_serial_rivers_micro_d, chequers_serial_rivers_small_b,
          chequers_serial_rivers_micro_a, chequers_serial_rivers_small_3,
          serial_shops, kennysheep_mini
D:5:      layout_basic, chequers_temple_overflow_statue_of_worship,
          small_statue_intersection, hangedman_decor_riveting,
          minmay_misc_feat_pillars, kennysheep_boxes
D:6:      layout_basic, nicolae_qazlal_style_of_elements
D:7:      layout_basic, minmay_temple_entry_glassed_door, serial_shops,
          kennysheep_mini_moat, minmay_misc_feat_columns, grunt_decor_fettered

Skill      XL: |  1  2  3  4  5  6  7  8 |
---------------+-------------------------+-----
Dodging        | 1 2 3 4 5 6 |  6.0
Armour         | 2 |  2.0
Fighting       | 2 3 4 6 |  6.6
Stealth        | |  0.9
Evocations     | |  4.1

Action                     |  1- 3 |  4- 6 |  7- 9 || total
---------------------------+-------+-------+-------++-------
  Melee: Dagger            |   110 |   142 |    91 ||   343
         Club              |    74 |       |       ||    74
         Short sword       |    31 |    27 |       ||    58
         Whip              |       |   116 |    98 ||   214
 Invoke: Convert to Beogh  |       |     1 |       ||     1
  Evoke: Wand              |       |    10 |    11 ||    21
    Use: Potion            |       |     8 |     2 ||    10
   Stab: Sleeping          |       |     3 |       ||     3
         Distracted        |       |     1 |       ||     1
 Armour: Ring mail         |    84 |   111 |    60 ||   255
         Skin              |       |     7 |       ||     7
  Dodge: Dodged            |    51 |    78 |    50 ||   179

Table legend: (Time is in decaauts)
 A = Elapsed time spent in this place.
 B = Non-inter-level travel time spent in this place.
 C = Inter-level travel time spent in this place.
 D = Time resting spent in this place.
 E = Time spent auto-exploring this place.
 F = Levels seen in this place.
 G = Mean time per level.
                   A        B        C        D        E       F      G
               +--------+--------+--------+--------+--------+-----+--------+
         Total |   5677 |   5204 |    473 |    196 |   4116 |   7 |  811.0 |
       Dungeon |   5677 |   5204 |    473 |    196 |   4116 |   7 |  811.0 |
               +--------+--------+--------+--------+--------+-----+--------+

Top non-repeatable levels by time:
     D:2: 1330 daAuts
     D:6: 1210 daAuts
     D:1: 1115 daAuts
     D:5: 1009 daAuts
     D:3: 754 daAuts
     D:4: 208 daAuts
     D:7: 49 daAuts
